 Dungeon Crawl Stone Soup version 0.23.2-40-g277498a001 (webtiles) character file.

Game seed: 9385070910718355327

50 Marnok the Skirmisher (level 3, -16/29 HPs)
             Began as a Demonspawn Chaos Knight on Oct 11, 2019.
             Was a Plaything of Xom.
             Demolished by an ogre
             ... wielding a +0 giant club
              (18 damage)
             ... on level 2 of the Dungeon.
             The game lasted 00:02:52 (915 turns).

Marnok the Skirmisher (Demonspawn Chaos Knight)      Turns: 915, Time: 00:02:52

Health: -16/29     AC:  5    Str: 13    XL:     3   Next: 55%
Magic:  3/3        EV: 11    Int: 17    God:    Xom [....*.]
Gold:   58         SH:  0    Dex: 12    Spells: 2/2 levels left

rFire    . . .     SeeInvis .   a - +0 spear (chaos)
rCold    + . .     Gourm    .   (no shield)
rNeg     . . .     Faith    .   b - +2 leather armour
rPois    .         Spirit   .   (no helmet)
rElec    .         Reflect  .   (no cloak)
rCorr    .         Harm     .   (no gloves)
MR       .....                  (no boots)
Stlth    +.........             (no amulet)
HPRegen  0.09/turn              d - +4 ring of intelligence
MPRegen  0.08/turn              l - ring of flight (curse)

@: no status effects
A: talons 1, cold resistance 1
a: Renounce Religion, Evoke Flight


You were on level 2 of the Dungeon.
You worshipped Xom.
You were a beloved toy of Xom.
You were not hungry.

You visited 1 branch of the dungeon, and saw 2 of its levels.

You collected 58 gold pieces.

Inventory:

Hand Weapons
 a - a +0 spear of chaos (weapon)
 f - a +4 short sword
Armour
 b - a +2 leather armour (worn)
Jewellery
 d - a +4 ring of intelligence (left hand)
 l - a cursed ring of flight (right hand)
Scrolls
 e - a scroll of magic mapping {unknown}
 k - a scroll of blinking {unknown}
Comestibles
 c - a ration


   Skills:
 + Level 3.4 Fighting
 + Level 3.4 Polearms
 + Level 2.2 Armour
 + Level 1.2 Dodging


You had 2 spell levels left.
You didn't know any spells.
Your spell library was empty.

Dungeon Overview and Level Annotations

Branches:
Dungeon (2/15)

Altars:


Innate Abilities, Weirdness & Mutations

You have sharp toenails.
Your flesh is cold resistant. (rC+)


Message History

You kill the hobgoblin!
The goblin barely misses you.
You closely miss the goblin. You claw the goblin.
You kill the goblin!
An ogre comes into view. It is wielding a +0 giant club.
The ogre shouts!
You see here a goblin corpse.
The ogre hits you but does no damage.
Found a black potion and 11 gold pieces.
You hit the ogre but do no damage.
The ogre seems to speed up.
The ogre hits you with a +0 giant club!!
Ouch! That really hurt!
* * * LOW HITPOINT WARNING * * *
You see here a goblin corpse.
Unknown command.
You are now a beloved toy of Xom.
The ogre hits you with a +0 giant club!!
Ouch! That really hurt!
You die...
Xom guffaws!

.........##.. ###...###.....
......(..##.. #.).......(#
..<.# ..P...#####.........#
..g...P.P≈....>............#
..#.PP≈≈≈≈..................
.# ≈≈♣≈♣P≈≈............>####
#


PP♣ ♣♣≈≈≈..?w...........# ≈≈♣ ♣≈P...†.......#.... ≈♣♣ ♣P≈P..#O@)).[.)..... ≈≈
P≈≈PP.!#..<...#####.. ≈P≈P..######..# .≈...# #..# P.#.# ..... . #$ ...... .
....... ###### You could see an ogre and a worm.

Vanquished Creatures
  An ooze (D:1)
  A dart slug (D:1)
  A leopard gecko (D:1)
  A giant cockroach (D:1)
  7 hobgoblins
  8 jackals (D:1)
  4 bats (D:1)
  A frilled lizard (D:1)
  7 goblins
  4 kobolds
  2 rats (D:1)
37 creatures vanquished.

Notes
Turn   | Place    | Note
-------+----------+-------------------------------------------
     0 | D:1      | Marnok the Demonspawn Chaos Knight began the quest for the
                  | Orb.
     0 | D:1      | Reached XP level 1. HP: 18/18 MP: 1/1
    49 | D:1      | Gained mutation: You have sharp toenails. [demonic
                  | ancestry]
    49 | D:1      | Reached XP level 2. HP: 22/24 MP: 2/2
   217 | D:1      | Reached skill level 1 in Dodging
   229 | D:1      | XOM: harmless Necr miscast
   392 | D:1      | Gained mutation: Your flesh is cold resistant. (rC+)
                  | [demonic ancestry]
   392 | D:1      | Reached XP level 3. HP: 29/29 MP: 3/3
   791 | D:1      | XOM: harmless Pois miscast
   911 | D:2      | Noticed an ogre
   915 | D:2      | Demolished by an ogre

Skill      XL: |  1  2 |
---------------+-------+-----
Armour         | 2 |  2.2
Dodging        | 1 |  1.2
Polearms       | 3 |  3.4
Fighting       | |  3.4

Action                   || total
-------------------------++-------
Melee: Spear             ||    93
       Kick              ||     9
  Use: Potion            ||     3
 Stab: Confused          ||     2
Armor: Leather armour    ||    39
       Skin              ||     3
Dodge: Dodged            ||    79
